 Dungeon Crawl Stone Soup version 0.30.1-9-gdf580d7c3d (webtiles) character file.

Game seed: 15020551814501298557

21885 Ironcache the Fighter (level 13, 0/89 (96) HPs)
             Began as a Formicid Hunter on Oct 4, 2023.
             Was a High Priest of Hepliaklqana.
             Slain by a dream sheep (27 damage)
             ... on level 4 of the Lair of Beasts on Oct 5, 2023.
             The game lasted 01:25:10 (18085 turns).

Ironcache the Fighter (Formicid Hunter)            Turns: 18085, Time: 01:25:10

HP:   0/89 (96)     AC: 14    Str: 22    XL:     13   Next: 23%
MP:   11/13         EV:  2    Int: 10    God:    Hepliaklqana [*****.]
Gold: 642           SH:  0    Dex: 21    Spells: 12/12 levels left

rFire   . . .        a - +0 shortbow
rCold   . . .        z - +0 kite shield
rNeg    . . .        K - +0 chain mail
rPois   .            (helmet unavailable)
rElec   .            u - +0 cloak
rCorr   .            v - +0 pair of gloves
SInv    +            c - +0 pair of boots
Will    +....        o - amulet of reflection Stlth
                     t - +5 ring of evasion
HPRegen 0.34/turn    M - +6 ring of strength
MPRegen 0.13/turn

%: reflection
@: sleeping, drained
A: reduced essence, permanent stasis, dig shafts and tunnels, antennae 3, four
strong arms
a: Dig, Shaft Self, Renounce Religion, Recall Ancestor, Ancestor Identity,
Transference, Idealise


You were on level 4 of the Lair of Beasts.
You worshipped Hepliaklqana.
Hepliaklqana was extremely pleased with you.
You visited 3 branches of the dungeon, and saw 16 of its levels.
You also visited: Ice Cave.

You collected 776 gold pieces.
You spent 134 gold pieces at shops.

Inventory:

Hand Weapons
 a - a +0 shortbow (weapon)
 b - a +4 quarterstaff of chaos
Armour
 c - a +0 pair of boots (worn)
 u - a +0 cloak (worn)
 v - a +0 pair of gloves (worn)
 z - a +0 kite shield (worn)
 K - a +0 chain mail (worn)
Jewellery
 l - a ring of poison resistance
 o - an amulet of reflection (around neck)
 q - a ring of positive energy
 t - a +5 ring of evasion (left hand)
 y - a +6 ring of strength
 C - a ring of positive energy
 M - a +6 ring of strength (right hand)
 Q - a ring of protection from cold
Wands
 j - a wand of digging (12)
 F - a wand of light (16)
 J - a wand of roots (12)
 L - a wand of polymorph (19)
 N - a wand of paralysis (2)
 X - a wand of flame (25)
Scrolls
 d - 6 scrolls of noise {unknown}
 e - 2 scrolls of butterflies {unknown}
 h - 2 scrolls of immolation
 k - 2 scrolls of vulnerability {unknown}
 m - 4 scrolls of blinking {unknown}
 p - a scroll of enchant weapon {unknown}
 r - 2 scrolls of torment {unknown}
 w - 2 scrolls of fear
 B - a scroll of enchant armour {unknown}
 D - a scroll of fog {unknown}
 E - 5 scrolls of amnesia {unknown}
 I - a scroll of silence {unknown}
 S - a scroll of brand weapon {unknown}
 V - 2 scrolls of poison {unknown}
 W - 3 scrolls of magic mapping {unknown}
 Z - 3 scrolls of identify
Potions
 f - 5 potions of attraction
 i - 2 potions of ambrosia {unknown}
 n - 2 potions of cancellation
 s - 4 potions of flight
 x - 2 potions of brilliance
 A - a potion of might
 G - 2 potions of resistance
 H - a potion of lignification {unknown}
 R - a potion of invisibility {unknown}
 U - 2 potions of haste {unknown}
 Y - 2 potions of degeneration


   Skills:
 + Level 11.9 Fighting
 * Level 11.5 Long Blades
 * Level 11.6 Ranged Weapons
 + Level 7.9 Armour
 - Level 2.0 Dodging
 - Level 2.0 Stealth
 - Level 8.0 Shields


You had 12 spell levels left.
You didn't know any spells.
Your spell library contained the following spells:

 Spells                   Type           Power      Damage    Failure   Level
 Scorch                   Fire           0%         2d5       99%         2
 Gell's Gravitas          Tloc           0%         N/A       100%        3
 Inner Flame              Hex/Fire       0%         N/A       100%        3
 Teleport Other           Tloc           0%         N/A       100%        3
 Anguish                  Hex/Necr       0%         N/A       100%        4
 Flame Wave               Conj/Fire      0%         2d4       100%        4
 Sticky Flame             Conj/Fire      0%         2d3       100%        4
 Arcjolt                  Conj/Air       0%         1d10      100%        5
 Blade Hands              Tmut           0%         N/A       100%        5
 Irradiate                Conj/Tmut      0%         3d11      100%        5
 Dispersal                Tloc           0%         N/A       100%        6
 Summon Cactus Giant      Summ           0%         N/A       100%        6
 Dragon Form              Tmut           0%         N/A       100%        7
 Maxwell's Capacitive Co  Air            0%         ∞         100%        8
 Vhi's Electric Charge    Tloc/Air       Unusable   N/A       N/A         3

Dungeon Overview and Level Annotations

Branches:
Dungeon (10/15)            Temple (1/1) D:5            Lair (5/5) D:9
 Shoals (0/4) Lair:2       Spider (0/4) Lair:2        Slime (0/5) Lair:5
    Orc (0/2) D:9           IceCv (visited)

Altars:
Ashenzari
Cheibriados
Dithmenos
Elyvilon
Fedhas
Gozag
Hepliaklqana
Kikubaaqudgha
Makhleb
Nemelex Xobeh
Okawaru
Qazlal
Ru
Sif Muna
Trog
Uskayaw
Vehumet
Wu Jian
Xom
Yredelemnul
Zin
The Shining One

Shops:
D:2 :   D:5 [   D:6 *   D:7 [   D:8 !?!   D:9 *

Annotations:
Lair:5 Sonja


Innate Abilities, Weirdness & Mutations

Your life essence is reduced to manifest your ancestor. (-10% HP)
You cannot be hasted, slowed, berserked, paralysed or teleported.
You can dig through walls and to a lower floor.
You have a pair of large antennae on your head. (SInv)
Your four strong arms can wield two-handed weapons with a shield.


Message History

* * * LOW HITPOINT WARNING * * *
You are more poisoned.
A blast of flame appears from out of your range of vision.
The blast of flame hits Huemac!
Huemac resists.
You feel better.
Sonja is no longer moving slowly.
Sonja mumbles some strange words.
Sonja blinks!
You block the dream sheep's attack.
A lindwurm comes into view.
The dream sheep attacks as you move away!
You block the dream sheep's attack.
Huemac hits the dream sheep with a +0 flail!
You are overwhelmed by glittering dream dust!
You feel drowsy...
You fall asleep.
The dream sheep bites you.
You wake up.
* * * LOW HITPOINT WARNING * * *
There is a stone staircase leading up, spattered with blood here.
The dream sheep bites you but does no damage.
The dream sheep misses you. The dream sheep barely misses you.
The dream sheep closely misses you.
You climb upwards.
There is a stone staircase leading down here.
Huemac is recalled.
You block the dream sheep's attack. x2; The dream sheep closely misses you.
The dream sheep bites you but does no damage.
You extend your mandibles.
You dig through the rock wall.
You feel drained.
Huemac hits the dream sheep with a +0 flail.
The dream sheep bites Huemac!
Huemac blocks the dream sheep's attack.
You dig through the rock wall.
You feel drained.
Huemac hits the dream sheep with a +0 flail!
The dream sheep barely misses Huemac.
The dream sheep shake their wool and sparkle.
You feel drowsy...
You fall asleep.
The dream sheep bites Huemac but does no damage.
Huemac blocks the dream sheep's attack.
The dream sheep bites Huemac.
The dream sheep bites you but does no damage.
Huemac closely misses the dream sheep.
The dream sheep closely misses Huemac.
The dream sheep bites you!!
You die...

#.............##..## #####
###. #######.#.....##.##
#.#.### #.
#....#...#..#######.##.# ###
##.#....#.#............###.<
###.....#..#.....#..###.......
#..........YY.......# #.#....8
##.........>R#..##.#####.....#
#..#.......YY##.##..##....####
##..##......#@###P.###...#####
#..#.......######.###....##..
#..#...##...#.##P.+.........†
##.###.###.........#8.....8..>
#...........##.....+........†.
##..#.............##......#...
#...#..P.##..##...#.....####.
#..##.####.#.##..##..#....###
#..##.# ##R.##..##.#.#...###


You could see the friendly Huemac the knight and 4 dream sheep.

Vanquished Creatures
  A two-headed ogre (D:8)
  A boulder beetle (Lair:1)
  Pikel (D:7)
  A merfolk siren (Lair:2)
  An ice statue (IceCv)
  5 cane toads
  2 unseen horrors
  3 komodo dragons
  A hornet (D:9)
  A polar bear (Lair:2)
  Grinder (D:6)
  6 blink frogs
  5 dream sheep
  Sigmund (D:3)
  4 wyverns
  10 yaks
  A steam dragon (D:7)
  An acid dragon (D:6)
  7 water moccasins
  Duvessa (D:4)
  An ice beast (D:5)
  2 ogres (D:5)
  4 wolves
  3 centaurs
  A lemure (D:8)
  A kobold brigand (D:8)
  A gnoll sergeant (D:4)
  2 scorpions
  6 bullfrogs
  2 cane toad simulacra (Lair:1)
  4 killer bees (D:9)
  An electric eel (Lair:2)
  3 howler monkeys
  2 jellies (D:5)
  2 komodo dragon simulacra (IceCv)
  2 orc priests
  3 hounds
  Crazy Yiuf (D:2)
  A sleepcap (D:8)
  6 orc wizards
  A hound skeleton (D:3)
  6 adders
  8 gnolls
  2 acid dragon simulacra (IceCv)
  A shadow imp (D:7)
  2 white imps (D:7)
  5 steam dragon simulacra (IceCv)
  An adder skeleton (D:3)
  2 adder zombies (D:3)
  2 worms
  2 dart slugs
  24 orcs
  5 ball pythons
  6 endoplasms
  2 giant cockroaches
  16 goblins
  3 hobgoblins
  3 jackals
  15 kobolds
  6 quokkas
  2 training dummies (D:4)
  2 ball python skeletons (D:3)
  2 bats
  A frilled lizard (D:2)
  A jackal zombie (D:3)
  4 rats
226 creatures vanquished.

Vanquished Creatures (collateral kills)
  2 hydras (Lair:2)
  A boulder beetle (Lair:4)
  A skyshark (Lair:3)
  2 cane toads
  2 rime drakes
  2 komodo dragons
  A troll (D:10)
  A merfolk (Lair:2)
  A polar bear (Lair:3)
  2 dream sheep
  3 blink frogs
  4 yaks
  A wyvern (Lair:4)
  A shadow (D:10)
  A basilisk (Lair:2)
  A steam dragon (Lair:1)
  2 water moccasins
  An acid dragon (D:9)
  A black bear (D:6)
  2 orc warriors (D:10)
  5 wolves
  A centaur (D:9)
  3 bullfrogs
  A gnoll sergeant (D:10)
  Dowan (D:4)
  An elephant simulacrum (Lair:1)
  A killer bee (D:9)
  2 lindwurm simulacra (IceCv)
  An iguana (D:6)
  A sleepcap (D:7)
  An orc wizard (D:10)
  A statue (D:10)
  A wolf simulacrum (Lair:1)
  2 acid dragon simulacra (IceCv)
  6 gnolls
  3 orcs (D:10)
  2 goblins (D:5)
65 creatures vanquished.

Vanquished Creatures (others)
  A swamp drake (D:9)
  A killer bee (D:9)
  10 knights
  2 ancestors
  An orc zombie (D:6)
15 creatures vanquished.

Grand Total: 306 creatures vanquished

Notes
Turn   | Place    | Note
-------+----------+-------------------------------------------
     0 | D:1      | Ironcache the Formicid Hunter began the quest for the Orb.
     0 | D:1      | Reached XP level 1. HP: 16/16 MP: 1/1
   146 | D:1      | Reached XP level 2. HP: 22/22 MP: 2/2
   258 | D:1      | Reached skill level 1 in Long Blades
   453 | D:1      | Reached XP level 3. HP: 23/28 MP: 3/3
   536 | D:1      | Reached skill level 1 in Armour
  1178 | D:2      | Found Yratush's Book Boutique.
  1277 | D:2      | Reached XP level 4. HP: 34/34 MP: 4/4
  1609 | D:2      | Identified the +1 hammer "Yqeudwem" {flame, rElec rN+
                  | Stlth+}
  1611 | D:2      | Found a runed translucent door.
  1612 | D:2      | Noticed Crazy Yiuf
  1617 | D:2      | Killed Crazy Yiuf
  1802 | D:3      | Reached XP level 5. HP: 41/41 MP: 5/5
  1867 | D:3      | Noticed Sigmund
  1993 | D:3      | Identified the ring "Doocloxi" {Contam rN+++ MP-9 Int+6
                  | Dex+2}
  2127 | D:3      | Killed Sigmund
  2128 | D:3      | Reached XP level 6. HP: 35/48 MP: 0/6
  2430 | D:3      | Found a faded altar of an unknown god.
  3047 | D:4      | Reached XP level 7. HP: 47/55 MP: 0/7
  3156 | D:5      | Entered Level 5 of the Dungeon
  3167 | D:5      | Reached skill level 5 in Long Blades
  3373 | D:4      | You fall into a shaft and drop 2 floors!
  3569 | D:5      | Found a staircase to the Ecumenical Temple.
  3586 | Temple   | Entered the Ecumenical Temple
  3825 | Temple   | Became a worshipper of Hepliaklqana the Forgotten
  3844 | D:5      | You fall into a shaft and drop 2 floors!
  3987 | D:6      | Reached skill level 5 in Fighting
  4018 | D:6      | Reached XP level 8. HP: 30/62 MP: 0/8
  4169 | D:6      | Found a radiant altar of Vehumet.
  4169 | D:6      | Noticed an unseen horror
  4173 | D:6      | You fall into a shaft and drop 2 floors!
  4207 | D:8      | Noticed a wyvern
  4219 | D:8      | Killed a wyvern
  4324 | D:8      | Noticed a two-headed ogre
  4333 | D:8      | Killed a two-headed ogre
  4334 | D:8      | Reached XP level 9. HP: 47/70 MP: 0/9
  4606 | D:8      | Found Naduc's Magic Scroll Shop.
  4614 | D:8      | Bought a scroll of identify for 26 gold pieces
  4640 | D:8      | Found Guler's Distillery.
  4652 | D:8      | Bought a potion of flight for 36 gold pieces
  4652 | D:8      | Bought a potion of heal wounds for 60 gold pieces
  4870 | D:7      | Found Haria's Armour Shop.
  4984 | D:7      | Found a glowing silver altar of Zin.
  5123 | D:6      | Noticed Grinder
  5147 | D:6      | Killed Grinder
  5148 | D:6      | Reached skill level 5 in Armour
  5396 | D:5      | Reached * piety under Hepliaklqana
  5418 | D:5      | Found a snail-covered altar of Cheibriados.
  5479 | D:5      | Found Vageociy's Armour Shop.
  5836 | D:4      | Noticed Duvessa
  5836 | D:4      | Noticed Dowan
  5847 | D:4      | Killed Duvessa
  5851 | D:4      | Killed Dowan
  6211 | D:6      | You fall into a shaft and drop 3 floors!
  6226 | D:9      | Reached XP level 10. HP: 28/71 MP: 1/10
  6998 | D:9      | Found Tox Vyt's Assorted Antiques.
  7027 | D:7      | Noticed Pikel
  7243 | D:6      | Killed an unseen horror
  7244 | D:6      | Reached skill level 10 in Long Blades
  7500 | D:6      | Found Vautroruosm's Gadget Gallery.
  7753 | D:6      | Found a basalt altar of Yredelemnul.
  7763 | D:6      | Reached skill level 5 in Ranged Weapons
  8026 | D:7      | Got the Vellum of the Twinkling Singularity
  8263 | D:7      | Reached ** piety under Hepliaklqana
  8264 | D:7      | Remembered your ancestor Huemac as a knight
  8276 | D:7      | Killed Pikel
  8318 | D:7      | Found a hide-covered altar of Uskayaw.
  8725 | D:8      | Found Jyxt's Distillery.
  8733 | D:8      | Bought a potion of degeneration for 12 gold pieces
  8941 | D:9      | Found a shadowy altar of Dithmenos.
  8942 | D:9      | Found an ancient bone altar of Kikubaaqudgha.
  8942 | D:9      | Found a glowing golden altar of the Shining One.
  9031 | D:9      | Found a bloodstained altar of Trog.
  9219 | D:9      | Found a staircase to the Orcish Mines.
  9247 | D:9      | Noticed a komodo dragon
  9258 | D:9      | Killed a komodo dragon
  9311 | D:9      | Noticed a komodo dragon
  9319 | D:9      | Killed a komodo dragon
  9342 | D:9      | Reached XP level 11. HP: 80/80 MP: 11/11
  9433 | D:9      | Found a staircase to the Lair.
  9564 | D:10     | Entered Level 10 of the Dungeon
 10068 | D:10     | Found a radiant altar of Vehumet.
 10254 | Lair:1   | Entered Level 1 of the Lair of Beasts
 10276 | Lair:1   | Found a frozen archway.
 10292 | Lair:1   | Reached skill level 10 in Fighting
 10305 | IceCv    | Entered an ice cave
 11151 | IceCv    | Noticed an ice dragon
 11583 | IceCv    | HP: 2/79 [ice dragon/blast of cold (12)]
 11894 | Lair:1   | Found a hide-covered altar of Uskayaw.
 11895 | Lair:1   | Noticed a boulder beetle
 11898 | Lair:1   | Found an ornate altar of the Wu Jian Council.
 12070 | Lair:1   | Killed a boulder beetle
 12684 | Lair:1   | Reached skill level 1 in Shields
 12790 | Lair:1   | Reached *** piety under Hepliaklqana
 13813 | Lair:2   | Reached skill level 10 in Ranged Weapons
 13813 | Lair:2   | Reached XP level 12. HP: 89/89 MP: 12/12
 13882 | Lair:2   | Reached skill level 5 in Shields
 14241 | Lair:2   | Found a hole to the Spider Nest.
 14301 | Lair:2   | Reached **** piety under Hepliaklqana
 14324 | Lair:2   | Noticed a seven-headed hydra
 14332 | Lair:2   | Killed a seven-headed hydra
 14353 | Lair:2   | Noticed a six-headed hydra
 14369 | Lair:2   | Killed a six-headed hydra
 14713 | Lair:2   | Found a staircase to the Shoals.
 15767 | Lair:3   | Noticed a skyshark
 15778 | Lair:3   | Killed a skyshark
 16132 | Lair:3   | Reached XP level 13. HP: 78/95 MP: 13/13
 17687 | Lair:4   | Reached ***** piety under Hepliaklqana
 17891 | Lair:5   | Entered Level 5 of the Lair of Beasts
 18056 | Lair:5   | Noticed Sonja
 18067 | Lair:5   | Found a staircase to the Slime Pits.
 18085 | Lair:4   | Slain by a dream sheep

Illustrated notes

Levels and vault maps discovered:
D:1:      denvon_arrival_planthouse, layout_loops_ring, minmay_box_of_dots
D:2:      layout_loops_ring, serial_shops, nicolae_shop_statue_plus,
          st_stairs_11, uniq_crazy_yiuf_cottage
D:3:      layout_rooms, serial_undead, serial_undead_f, serial_undead_f,
          serial_undead_f, serial_undead_c,
          dreamdust_ecumenical_altar_hidden_monk_grotto, uniq_sigmund
D:4:      dreamdust_elfheim, layout_basic, lightli_minifort
D:5:      layout_gridville, mainiacjoe_overflow_alcove_2,
          minmay_temple_entry_large_hall, serial_shops, shop,
          minmay_ogre_servants
D:6:      layout_basic, hangedman_feature_mirror, nicolae_shop_gadgets,
          uniq_grinder
D:7:      layout_gridville, nicolae_uskayaw_suspiria, zin_scriptorium,
          serial_shops, shop, nicolae_ossuary_entry_plus, feat_on_display,
          uniq_pikel
D:8:      layout_gridville, serial_shops, shop, nicolae_shop_industrial_runoff,
          shop
D:9:      layout_rooms, grunt_temple_overflow_open, erik_lair_dragon,
          orc_0_dummy, serial_shops, kennysheep_little_box
D:10:     layout_rooms, vehumet_statue, chequers_serial_rivers_small_a
Temple:   dpeg_chambers_temple
Lair:1:   layout_cave_pods, portal_ice_cave_entry_ice_simulacra,
          nzn_masters_of_martial_movement
Lair:2:   layout_gridlike, elwin_shoals_entry_rooms, dummy_spider_entry
Lair:3:   layout_cave_pods, infiniplex_staircase_pool
Lair:4:   layout_loops_ring, grunt_megastairs_5
Lair:5:   minmay_lair_end_enchanted_forest, layout_gridlike, slime_entry_1,
          uniq_sonja

Skill      XL: |  1  2  3  4  5  6  7  8  9 10 11 12 13 |
---------------+----------------------------------------+-----
Long Blades    | 1 2 4 6 7 9 10 11 | 11.5
Dodging        | 2 |  2.0
Armour         | 1 2 4 6 7 |  7.9
Stealth        | 2 |  2.0
Fighting       | 3 4 5 6 7 9 10 11 | 11.9
Ranged Weapons | 7 10 11 | 11.6
Shields        | 4 7 8 |  8.0

Action                     |  1- 3 |  4- 6 |  7- 9 | 10-12 | 13-15 || total
---------------------------+-------+-------+-------+-------+-------++-------
  Melee: Unarmed           |     3 |       |       |       |       ||     3
         Short sword       |    48 |       |       |       |       ||    48
         Rapier            |     3 |     3 |       |       |       ||     6
         Punch             |     1 |     1 |     3 |     5 |       ||    10
         Quarterstaff      |       |    37 |   153 |   283 |    30 ||   503
   Fire: Shortbow          |    78 |    77 |    82 |   442 |    73 ||   752
 Invoke: Ancestor Life: Kn |       |       |       |     1 |       ||     1
         Recall Ancestor   |       |       |       |     1 |     2 ||     3
Ability: Shaft Self        |       |       |     4 |     1 |       ||     5
         Dig               |       |       |       |     2 |     2 ||     4
    Use: Scroll            |       |       |     6 |     8 |       ||    14
         Potion            |       |       |     4 |     6 |     2 ||    12
   Stab: Confused          |       |       |     1 |       |       ||     1
         Petrifying        |       |       |       |     1 |       ||     1
         Petrified         |       |       |       |     1 |       ||     1
         Paralysed         |       |       |       |       |     1 ||     1
 Armour: Ring mail         |    13 |     9 |       |       |       ||    22
         Leather armour    |     3 |       |       |       |       ||     3
         Scale mail        |       |    13 |    24 |       |       ||    37
         Chain mail        |       |       |    93 |   182 |    13 ||   288
  Dodge: Dodged            |    36 |    27 |    94 |   153 |    15 ||   325
  Block: Other             |       |     4 |    46 |    52 |       ||   102
         Reflection        |       |     1 |     9 |     2 |     1 ||    13
         Buckler           |       |       |       |   108 |       ||   108
         Kite shield       |       |       |       |       |    55 ||    55
